[Event "World Senior chT-50 2019"]
[Site "Rhodes"]
[Date "2019.04.22"]
[Round "7.36"]
[White "Lanz, Udo"]
[Black "Barboza, Mauro"]
[Result "0-1"]
[ECO "C53"]
[WhiteElo "1807"]
[BlackElo "1873"]
[Annotator "NA"]
[PlyCount "76"]
[EventDate "2019.04.16"]
[EventType "team-tourn"]
[EventCountry "GRE"]
[SourceTitle "playchess.com"]
[Source "ChessBase"]
[SourceQuality "1"]
[WhiteTeam "Germany"]
[BlackTeam "Uruguay"]
[WhiteTeamCountry "GER"]
[BlackTeamCountry "URU"]
[TimeControl "40/5400+30:1800+30"]

1. e4 e5 2. Nf3 Nc6 3. Bc4 Bc5 4. c3 Qe7 5. d4 Bb6 6. O-O d6 7. b4 Bg4 8. d5 Nb8 9. Be2 Nf6 10. Qc2 Nbd7 11. Nbd2 a6 12. Nc4 Ba7 13. Be3 Bxe3 14. Nxe3 Bh5 15. Nf5 Qf8 16. a4 g6 17. Ng3 Bxf3 18. Bxf3 h5 19. c4 h4 20. Ne2 g5 21. g4 hxg3 22. fxg3 g4 23. Bh1 Qh6 24. Nc3 Nh7 25. Ra2 Ng5 26. Rf5 Nh3+ 27. Kf1 Qe3 28. Ne2 Rh5 29. Nd4 Rxf5+ 30. Nxf5 Qg1+ 31. Ke2 Qxh1 32. Kd3 Nf6 33. Qe2 Ng5 34. c5 Ngxe4 35. cxd6 Qb1+ 36. Kc4 cxd6 37. Rc2 Rc8+ 38. Kd3 Qb3+ {[%emt 0:00:25] Kd4 [%emt 00:00:32]} 0-1

[Event "World Senior chT-50 2019"]
[Site "Rhodes"]
[Date "2019.04.22"]
[Round "7.37"]
[White "Burchardt, Brigitte"]
[Black "Kristiansen, Erling"]
[Result "0-1"]
[ECO "C54"]
[WhiteElo "2136"]
[BlackElo "2134"]
[Annotator "NA"]
[PlyCount "72"]
[EventDate "2019.04.16"]
[EventType "team-tourn"]
[EventCountry "GRE"]
[SourceTitle "playchess.com"]
[Source "ChessBase"]
[SourceQuality "1"]
[WhiteTeam "Germany"]
[BlackTeam "Norway"]
[WhiteTeamCountry "GER"]
[BlackTeamCountry "NOR"]
[TimeControl "40/5400+30:1800+30"]

1. e4 e5 2. Bc4 Nf6 3. d3 Bc5 4. Nf3 d6 5. h3 Nc6 6. c3 Bb6 7. O-O h6 8. a4 a6 9. Na3 g5 10. Nh2 Rg8 11. g4 h5 12. Be3 hxg4 13. hxg4 d5 14. exd5 Nxd5 15. Nc2 $17 (15. Bxd5 $14 {stays ahead.} Qxd5 16. Bxb6 cxb6 17. Nc4) 15... Nf4 16. d4 Qf6 17. Re1 Rh8 18. f3 Kf8 19. Qd2 exd4 20. Nxd4 Nxd4 21. cxd4 Nh3+ 22. Kh1 Bd7 23. a5 Ba7 24. Bd5 Rb8 25. Be4 Qd6 26. Rad1 Bb5 27. d5 Bxe3 28. Rxe3 Re8 29. Rc1 c6 30. Rc2 cxd5 31. Bd3 Rxe3 32. Qxe3 Bc6 33. Bf1 Nf4 34. Qb6 d4 35. Rxc6 bxc6 36. Qxa6 d3 0-1

[Event "World Senior chT-50 2019"]
[Site "Rhodes"]
[Date "2019.04.22"]
[Round "7.38"]
[White "Semakoff, Aleks"]
[Black "Wagner-Michel, Annett"]
[Result "1/2-1/2"]
[ECO "B56"]
[WhiteElo "2037"]
[BlackElo "2056"]
[Annotator "NA"]
[PlyCount "50"]
[EventDate "2019.04.16"]
[EventType "team-tourn"]
[EventCountry "GRE"]
[SourceTitle "playchess.com"]
[Source "ChessBase"]
[SourceQuality "1"]
[WhiteTeam "Norway"]
[BlackTeam "Germany"]
[WhiteTeamCountry "NOR"]
[BlackTeamCountry "GER"]
[TimeControl "40/5400+30:1800+30"]

1. e4 c5 2. Nf3 Nc6 3. d4 cxd4 4. Nxd4 Nf6 5. Nc3 d6 6. g3 e5 7. Nde2 Bg4 8. Bg2 Nd4 9. Qd3 Nxe2 10. Nxe2 Be7 11. O-O h6 12. Be3 O-O 13. Nc3 Qc8 14. f3 Be6 15. Rfd1 Rd8 16. Qe2 d5 17. exd5 Nxd5 18. Nxd5 Bxd5 19. Rd2 Qe6 20. a3 Bc4 21. Rxd8+ Rxd8 22. Qe1 b6 23. Rd1 Rxd1 24. Qxd1 Qd5 25. Qxd5 Bd3 1/2-1/2

[Event "World Senior chT-50 2019"]
[Site "Rhodes"]
[Date "2019.04.22"]
[Round "7.39"]
[White "Schulz, Petra"]
[Black "Johnsen, Sylvia"]
[Result "1-0"]
[ECO "C68"]
[WhiteElo "2051"]
[BlackElo "1949"]
[Annotator "NA"]
[PlyCount "39"]
[EventDate "2019.04.16"]
[EventType "team-tourn"]
[EventCountry "GRE"]
[SourceTitle "playchess.com"]
[Source "ChessBase"]
[SourceQuality "1"]
[WhiteTeam "Germany"]
[BlackTeam "Norway"]
[WhiteTeamCountry "GER"]
[BlackTeamCountry "NOR"]
[TimeControl "40/5400+30:1800+30"]

1. e4 e5 2. Nf3 Nc6 3. Bb5 a6 4. Bxc6 dxc6 5. O-O Bd6 6. d4 exd4 7. Qxd4 f6 8. Be3 Bd7 9. Nbd2 Qe7 10. Rad1 c5 11. Qd3 Bc6 12. Nc4 O-O-O 13. e5 fxe5 14. Nfxe5 Be8 15. Nxd6+ cxd6 16. Nc4 d5 17. Nb6+ Kb8 18. Nxd5 Qf8 19. Bf4+ Ka7 20. Bc7 1-0

[Event "World Senior chT-50 2019"]
[Site "Rhodes"]
[Date "2019.04.22"]
[Round "7.40"]
[White "Harstad, Christian"]
[Black "Wolf, Sylvia"]
[Result "0-1"]
[ECO "A61"]
[WhiteElo "1911"]
[BlackElo "2001"]
[Annotator "NA"]
[PlyCount "90"]
[EventDate "2019.04.16"]
[EventType "team-tourn"]
[EventCountry "GRE"]
[SourceTitle "playchess.com"]
[Source "ChessBase"]
[SourceQuality "1"]
[WhiteTeam "Norway"]
[BlackTeam "Germany"]
[WhiteTeamCountry "NOR"]
[BlackTeamCountry "GER"]
[TimeControl "40/5400+30:1800+30"]

1. d4 Nf6 2. c4 c5 3. d5 e6 4. Nc3 exd5 5. cxd5 d6 6. Nf3 g6 7. Bf4 Bg7 8. Qa4+ Bd7 9. Qb3 Bc8 10. h3 O-O 11. e3 a6 12. a4 Qe7 13. Nd2 Nh5 14. Bh2 f5 15. Nc4 f4 16. Be2 fxe3 17. Bxh5 Qh4 18. O-O exf2+ 19. Kh1 Qxh5 20. Qd1 Qh4 21. Qe2 Bd4 22. Nb6 Bf5 23. g4 Qxh3 24. gxf5 Rxf5 25. Nc8 Re5 26. Ne4 Nd7 27. Ra3 Qxf1+ 28. Qxf1 Rxe4 29. Nxd6 Re1 30. Kg2 Rxf1 31. Kxf1 b6 32. Nc4 Re8 33. Ra1 b5 34. Nd6 Re3 35. axb5 Re1+ 36. Rxe1 fxe1=Q+ 37. Kxe1 axb5 38. b3 b4 39. Ke2 Be5 40. Bxe5 Nxe5 41. Nb7 Nd7 42. Ke3 Kf7 43. Ke4 Kf6 44. Nd8 h5 45. d6 h4 {[%emt 0:00:48] Kd4 [%emt 00:01:19] Ke5+} 0-1

[Event "World Senior chT-50 2019"]
[Site "Rhodes"]
[Date "2019.04.23"]
[Round "8.1"]
[White "Shabalov, Alexander"]
[Black "Wallner, Joachim"]
[Result "1-0"]
[ECO "D15"]
[WhiteElo "2510"]
[BlackElo "2271"]
[Annotator "ChessBase"]
[PlyCount "49"]
[EventDate "2019.04.16"]
[EventType "team-tourn"]
[EventCountry "GRE"]
[SourceTitle "playchess.com"]
[Source "ChessBase"]
[SourceQuality "1"]
[WhiteTeam "United States"]
[BlackTeam "Austria"]
[WhiteTeamCountry "USA"]
[BlackTeamCountry "AUT"]
[TimeControl "40/5400+30:1800+30"]

1. d4 d5 2. c4 c6 3. Nc3 Nf6 4. Nf3 a6 5. Qc2 b5 6. e4 b4 7. Na4 Nxe4 8. cxd5 cxd5 9. Nb6 Qxb6 10. Qxc8+ Qd8 11. Qb7 Nd7 12. Qxd5 Nd6 13. Ne5 e6 14. Qc6 Qc8 15. Qa4 f6 16. Nf3 Qb7 17. Bd3 Kf7 18. O-O Nb5 19. Re1 Nb6 20. Qb3 Nd5 21. Bd2 Bd6 22. Re4 Rae8 23. Rae1 a5 24. Qa4 Nbc7 25. Qd7+ 1-0

[Event "World Senior chT-50 2019"]
[Site "Rhodes"]
[Date "2019.04.23"]
[Round "8.3"]
[White "Novikov, Igor"]
[Black "Druckenthaner, Andreas"]
[Result "1-0"]
[ECO "B08"]
[WhiteElo "2563"]
[BlackElo "2304"]
[Annotator "RC"]
[PlyCount "59"]
[EventDate "2019.04.16"]
[EventType "team-tourn"]
[EventCountry "GRE"]
[SourceTitle "playchess.com"]
[Source "ChessBase"]
[SourceQuality "1"]
[WhiteTeam "United States"]
[BlackTeam "Austria"]
[WhiteTeamCountry "USA"]
[BlackTeamCountry "AUT"]
[TimeControl "40/5400+30:1800+30"]

1. d4 Nc6 2. Nf3 d6 3. e4 Nf6 4. Nc3 g6 5. Be2 Bg7 6. O-O O-O 7. d5 Nb8 8. h3 c6 9. Bg5 h6 10. Be3 Nbd7 11. Nd4 Qc7 12. Qd2 Kh7 13. a4 a6 14. a5 Nc5 15. Bf3 cxd5 16. exd5 Ncd7 17. Na4 Ne5 18. Nb6 Nxf3+ 19. Nxf3 Rb8 20. Ra4 h5 21. Re1 Bf5 22. Rc4 Qd8 23. Bg5 Re8 24. Qf4 Nd7 25. Nxd7 Qxd7 26. g4 Be5 27. Nxe5 dxe5 28. Rxe5 Qd6 29. gxf5 f6 30. Rxe7+ 1-0

[Event "World Senior chT-50 2019"]
[Site "Rhodes"]
[Date "2019.04.23"]
[Round "8.9"]
[White "Olafsson, Helgi"]
[Black "Strutinskaia, Galina"]
[Result "1-0"]
[ECO "A21"]
[WhiteElo "2506"]
[BlackElo "2208"]
[Annotator "RC"]
[PlyCount "57"]
[EventDate "2019.04.16"]
[EventType "team-tourn"]
[EventCountry "GRE"]
[SourceTitle "playchess.com"]
[Source "ChessBase"]
[SourceQuality "1"]
[WhiteTeam "Iceland"]
[BlackTeam "Russia"]
[WhiteTeamCountry "ISL"]
[BlackTeamCountry "RUS"]
[TimeControl "40/5400+30:1800+30"]

1. c4 e5 2. Nc3 Bb4 3. Nd5 Bc5 4. e3 c6 5. Nc3 Bb4 6. d4 d6 7. Bd3 f5 8. Nge2 Nf6 9. a3 Ba5 10. b4 Bc7 11. d5 a5 12. Rb1 O-O 13. Bc2 cxd5 14. cxd5 axb4 15. axb4 Qe8 16. O-O Qh5 17. f3 Ne8 18. f4 Nd7 19. Qe1 g6 20. e4 fxe4 21. Nxe4 Ndf6 22. fxe5 Bb6+ 23. Kh1 Nxe4 24. Rxf8+ Kxf8 25. Bxe4 Qxe5 26. Qh4 Bd8 27. Qxd8 Qxe4 28. Bh6+ Kg8 29. Nc3 1-0

[Event "World Senior chT-50 2019"]
[Site "Rhodes"]
[Date "2019.04.23"]
[Round "8.12"]
[White "Fatalibekova, Elena"]
[Black "Arnason, Jon L"]
[Result "1/2-1/2"]
[ECO "A38"]
[WhiteElo "2148"]
[BlackElo "2423"]
[Annotator "ChessBase"]
[PlyCount "60"]
[EventDate "2019.04.16"]
[EventType "team-tourn"]
[EventCountry "GRE"]
[SourceTitle "playchess.com"]
[Source "ChessBase"]
[SourceQuality "1"]
[WhiteTeam "Russia"]
[BlackTeam "Iceland"]
[WhiteTeamCountry "RUS"]
[BlackTeamCountry "ISL"]
[TimeControl "40/5400+30:1800+30"]

1. Nf3 c5 2. c4 Nc6 3. Nc3 Nf6 4. g3 d5 5. cxd5 Nxd5 6. Bg2 Nc7 7. d3 g6 8. O-O Bg7 9. Bd2 O-O 10. Qa4 e5 11. Ne4 Qe7 12. Rac1 Ne6 13. Be3 Ncd4 14. Nxd4 exd4 15. Bd2 Bd7 16. Qb3 b6 17. f4 Nc7 18. Rce1 h6 19. e3 Be6 20. Qa3 dxe3 21. Bxe3 Nd5 22. Bf2 Nb4 23. Rd1 Rad8 24. Kh1 a5 25. Rd2 Bxa2 26. b3 f5 27. Nxc5 bxc5 28. Rxa2 Nxa2 29. Qxa2 Rxd3 30. Bxc5 Qf7 1/2-1/2

[Event "World Senior chT-50 2019"]
[Site "Rhodes"]
[Date "2019.04.23"]
[Round "8.13"]
[White "Vaganian, Rafael A"]
[Black "Grant, Jonathan I M"]
[Result "1-0"]
[ECO "B37"]
[WhiteElo "2535"]
[BlackElo "2226"]
[Annotator "ChessBase"]
[PlyCount "81"]
[EventDate "2019.04.16"]
[EventType "team-tourn"]
[EventCountry "GRE"]
[SourceTitle "playchess.com"]
[Source "ChessBase"]
[SourceQuality "1"]
[WhiteTeam "Armenia"]
[BlackTeam "Scotland"]
[WhiteTeamCountry "ARM"]
[BlackTeamCountry "SCO"]
[TimeControl "40/5400+30:1800+30"]

1. Nf3 c5 2. c4 Nc6 3. Nc3 g6 4. d4 cxd4 5. Nxd4 Bg7 6. Nc2 Nf6 7. e4 O-O 8. Be2 d6 9. Be3 Be6 10. f3 Qa5 11. Qd2 Rfc8 12. Nd5 Qd8 13. Rb1 Nd7 14. Nf4 Nf8 15. O-O Ne5 16. b3 Bd7 17. Kh1 Ne6 18. Nd5 Nc6 19. Rbd1 Be8 20. Bh6 Bh8 21. f4 Ned4 22. Nxd4 Nxd4 23. Bg5 Nc6 24. e5 f6 25. exf6 exf6 26. Bh4 Bf7 27. Bg4 Rcb8 28. Rfe1 b5 29. Be6 bxc4 30. Bxf7+ Kxf7 31. Qe2 Qd7 32. Qxc4 Na5 33. Qc7 Qxc7 34. Nxc7 Nb7 35. b4 a5 36. Nxa8 Rxa8 37. Rc1 Nd8 38. Rc7+ Kf8 39. b5 Rb8 40. a4 h6 41. Rec1 1-0

[Event "World Senior chT-50 2019"]
[Site "Rhodes"]
[Date "2019.04.23"]
[Round "8.16"]
[White "Smith, Peter R"]
[Black "Kalantaryan, Norayr"]
[Result "0-1"]
[ECO "B00"]
[WhiteElo "2038"]
[BlackElo "2377"]
[Annotator "RC"]
[PlyCount "114"]
[EventDate "2019.04.16"]
[EventType "team-tourn"]
[EventCountry "GRE"]
[SourceTitle "playchess.com"]
[Source "ChessBase"]
[SourceQuality "1"]
[WhiteTeam "Scotland"]
[BlackTeam "Armenia"]
[WhiteTeamCountry "SCO"]
[BlackTeamCountry "ARM"]
[TimeControl "40/5400+30:1800+30"]

1. Nf3 Nc6 2. d4 d6 3. e4 Nf6 4. Nc3 Bg4 5. Be3 e5 6. d5 Ne7 7. Be2 Nc8 8. h3 Bd7 9. Qd2 Be7 10. O-O O-O 11. Rad1 c5 12. dxc6 Bxc6 13. Qd3 a6 14. Bg5 Ne8 15. Bxe7 Qxe7 16. Nd5 Bxd5 17. Qxd5 Nf6 18. Qd3 d5 19. Nd2 d4 20. f4 Na7 21. fxe5 Qxe5 22. Nf3 Qxe4 23. Qxe4 Nxe4 24. Nxd4 Ng3 25. Rf3 Nxe2+ 26. Nxe2 Nc6 27. Rb3 b5 28. a4 bxa4 29. Rb6 Ne5 30. Rd4 Rfc8 31. c3 a3 32. bxa3 Nc4 33. Rb3 g6 34. a4 Ra7 35. Rb4 Ne5 36. Rb6 Kg7 37. Rbd6 Rcc7 38. Rb4 a5 39. Rb5 Nc4 40. Rdd5 Ra6 41. Nd4 Ra8 42. Nb3 Rac8 43. Nxa5 Nxa5 44. Rxa5 Rxc3 45. Ra7 Rc1+ 46. Kh2 h5 47. h4 R8c4 48. Rd3 Rxh4+ 49. Rh3 Rf4 50. a5 Rc2 51. Rb7 Ra2 52. Rb5 Kh6 53. Rhb3 Rfa4 54. Rf3 f5 55. Rg3 h4 56. Rh3 Kg5 57. Rc5 Rg4 0-1

[Event "World Senior chT-50 2019"]
[Site "Rhodes"]
[Date "2019.04.23"]
[Round "8.19"]
[White "Plaskett, H James"]
[Black "Hrisanthopoulos, Dimitrios"]
[Result "1/2-1/2"]
[ECO "B30"]
[WhiteElo "2437"]
[BlackElo "1995"]
[Annotator "ChessBase"]
[PlyCount "35"]
[EventDate "2019.04.16"]
[EventType "team-tourn"]
[EventCountry "GRE"]
[SourceTitle "playchess.com"]
[Source "ChessBase"]
[SourceQuality "1"]
[WhiteTeam "England"]
[BlackTeam "Greece"]
[WhiteTeamCountry "ENG"]
[BlackTeamCountry "GRE"]
[TimeControl "40/5400+30:1800+30"]

1. e4 c5 2. Nc3 Nc6 3. Bb5 Nd4 4. Nf3 a6 5. Bc4 e6 6. d3 b5 7. Bb3 g6 8. Nxd4 cxd4 9. Ne2 Bg7 10. a4 Bb7 11. O-O Ne7 12. Bg5 h6 13. Bf4 d5 14. exd5 Nxd5 15. Bd2 O-O 16. axb5 axb5 17. Rxa8 Bxa8 18. Nf4 1/2-1/2

[Event "World Senior chT-50 2019"]
[Site "Rhodes"]
[Date "2019.04.23"]
[Round "8.26"]
[White "Fraser-Mitchell, Jeremy N"]
[Black "Wallace, John Paul"]
[Result "0-1"]
[ECO "E81"]
[WhiteElo "2073"]
[BlackElo "2350"]
[Annotator "RC"]
[PlyCount "50"]
[EventDate "2019.04.16"]
[EventType "team-tourn"]
[EventCountry "GRE"]
[SourceTitle "playchess.com"]
[Source "ChessBase"]
[SourceQuality "1"]
[WhiteTeam "ENG"]
[BlackTeam "IRL"]
[WhiteTeamCountry "ENG"]
[BlackTeamCountry "AUS"]
[TimeControl "40/5400+30:1800+30"]

1. d4 Nf6 2. c4 g6 3. Nc3 Bg7 4. e4 d6 5. f3 O-O 6. Bg5 c5 7. d5 e6 8. Qd2 Qa5 9. Nge2 exd5 10. cxd5 Bd7 11. Nc1 b5 12. Be2 c4 13. Nd1 Qc7 14. O-O Na6 15. a3 Nc5 16. Rb1 Rfc8 17. b3 Nfxe4 18. fxe4 Nxe4 19. Qf4 Nxg5 20. Qxg5 c3 21. Nxc3 Qxc3 22. Nd3 Qd4+ 23. Kh1 Rc2 24. Rf4 Qe3 25. Bf1 Bd4 0-1

[Event "World Senior chT-50 2019"]
[Site "Rhodes"]
[Date "2019.04.23"]
[Round "8.27"]
[White "MacElligott, Gerard"]
[Black "Jackson, Sheila"]
[Result "1/2-1/2"]
[ECO "E38"]
[WhiteElo "2025"]
[BlackElo "2051"]
[Annotator "NA RC"]
[PlyCount "38"]
[EventDate "2019.04.16"]
[EventType "team-tourn"]
[EventCountry "GRE"]
[SourceTitle "playchess.com"]
[Source "ChessBase"]
[SourceQuality "1"]
[WhiteTeam "Ireland"]
[BlackTeam "England"]
[WhiteTeamCountry "IRL"]
[BlackTeamCountry "ENG"]
[TimeControl "40/5400+30:1800+30"]

1. d4 Nf6 2. c4 e6 3. Nc3 Bb4 4. Qc2 c5 5. dxc5 Bxc5 6. Nf3 Qb6 7. e3 Nc6 8. a3 Be7 9. e4 d6 10. Be3 Qa5 11. h3 O-O 12. Be2 d5 13. O-O dxe4 14. Nxe4 Nxe4 15. Qxe4 f5 16. Qc2 Bf6 17. Bd2 Qc7 18. Bc3 e5 19. Rfd1 a5 1/2-1/2

[Event "World Senior chT-50 2019"]
[Site "Rhodes"]
[Date "2019.04.23"]
[Round "8.28"]
[White "Homer, Stephen J"]
[Black "Lyons, Brendan"]
[Result "1-0"]
[ECO "B01"]
[WhiteElo "2039"]
[BlackElo "1976"]
[Annotator "NA RC"]
[PlyCount "119"]
[EventDate "2019.04.16"]
[EventType "team-tourn"]
[EventCountry "GRE"]
[SourceTitle "playchess.com"]
[Source "ChessBase"]
[SourceQuality "1"]
[WhiteTeam "England"]
[BlackTeam "Ireland"]
[WhiteTeamCountry "ENG"]
[BlackTeamCountry "IRL"]
[TimeControl "40/5400+30:1800+30"]

1. e4 d5 2. exd5 Nf6 3. Bb5+ Nbd7 4. d4 a6 5. Be2 Nb6 6. c4 e6 7. dxe6 Bxe6 8. d5 Bf5 9. Nf3 Bb4+ 10. Bd2 Qe7 11. O-O Ne4 12. Bf4 g5 13. Be3 Nd7 14. Nbd2 h6 15. Nxe4 Bxe4 16. Bd4 Rg8 (16... O-O $16 17. a3 Bd6) 17. Bd3 O-O-O 18. a3 g4 19. Ne1 Bd6 20. Bxe4 Qxe4 21. Qd3 Qe7 22. b4 Rg5 23. f4 gxf3 24. Nxf3 Rh5 25. Rae1 Ne5 26. Bxe5 Bxe5 27. Rxe5 Rxe5 28. Nxe5 Qxe5 29. Qf5+ Qxf5 30. Rxf5 c6 31. dxc6 bxc6 32. Rf6 Rd1+ 33. Kf2 Rd2+ 34. Kg3 Rd3+ 35. Rf3 Rd4 36. c5 a5 37. Rf6 axb4 (37... Rd3+ $142 38. Kf4 Rxa3 39. Rxc6+ Kd7 40. Rd6+ (40. Rxh6 axb4 41. Rd6+ Ke7 $16) 40... Kc8 41. bxa5 (41. Rxh6 axb4 42. Rb6 Ra2 $16) 41... Rxa5 42. Rxh6 Rxc5) 38. axb4 ({Weaker is} 38. Rxc6+ Kd7 $16) 38... Rxb4 39. Rxc6+ Kd7 40. Rxh6 Rc4 41. Rf6 Ke7 42. Rf5 Ke6 43. Rh5 f5 44. Rh6+ Ke5 45. c6 Rc3+ 46. Kh4 Rc4+ 47. Kh5 Kf4 48. Rg6 Rc2 49. Kh6 Ke5 50. h4 Rc4 51. h5 Rh4 52. c7 Rc4 53. Rg7 Kf6 54. Kh7 Rc2 55. Kg8 f4 56. h6 f3 57. gxf3 Rc3 58. h7 Re3 59. c8=Q Re8+ 60. Qxe8 1-0

[Event "World Senior chT-50 2019"]
[Site "Rhodes"]
[Date "2019.04.23"]
[Round "8.29"]
[White "Burchardt, Brigitte"]
[Black "Mahia, Gustavo"]
[Result "0-1"]
[ECO "B13"]
[WhiteElo "2136"]
[BlackElo "2367"]
[Annotator "NA RC"]
[PlyCount "82"]
[EventDate "2019.04.16"]
[EventType "team-tourn"]
[EventCountry "GRE"]
[SourceTitle "playchess.com"]
[Source "ChessBase"]
[SourceQuality "1"]
[WhiteTeam "Germany"]
[BlackTeam "Argentina"]
[WhiteTeamCountry "GER"]
[BlackTeamCountry "ARG"]
[TimeControl "40/5400+30:1800+30"]

1. e4 c6 2. Nc3 d5 3. Nf3 Nf6 4. exd5 cxd5 5. d4 Nc6 6. h3 {[%emt 0:01:01] B13: Caro-Kann: Exchange Variation and Panov-Botvinnik Attack} (6. Bf4 Bf5 {½-½ (6) Sumets,A (2579)-Savchenko,S (2508) Tipaza 2011}) 6... Bf5 7. Bd3 Bxd3 8. Qxd3 e6 9. Bf4 Be7 10. O-O O-O 11. Nd1 $146 ({Predecessor:} 11. a3 Rc8 12. Ne5 Na5 13. b4 {0-1 (26) Fleischhacker,C (1839)-De Visser,L (2205) Austria 2018}) 11... a6 12. Ne5 Nxe5 13. Bxe5 Nd7 14. Bg3 Rc8 15. Ne3 f5 16. Bh2 f4 17. Nd1 Bd6 18. Re1 Rf6 19. Kh1 Qc7 20. c3 f3 21. Bxd6 fxg2+ 22. Kxg2 Qxd6 23. Kh1 Rcf8 24. Re3 e5 25. Rg3 e4 26. Qd2 $2 (26. Qe2 {might work better.}) 26... Rf4 27. Rc1 Nf6 28. Rg2 Nh5 29. Kg1 Qd7 30. Ne3 Rf3 31. Rf1 Nf4 $19 32. Rh2 Nxh3+ 33. Kh1 Qe6 34. c4 dxc4 35. d5 Qg6 36. Nd1 Rd3 37. Qe2 Nf4 38. Qc2 Rh3 39. f3 Rxh2+ 40. Qxh2 exf3 41. Rxf3 Qe4 0-1

[Event "World Senior chT-50 2019"]
[Site "Rhodes"]
[Date "2019.04.23"]
[Round "8.30"]
[White "Garbarino, Rodolfo"]
[Black "Wagner-Michel, Annett"]
[Result "1-0"]
[ECO "B34"]
[WhiteElo "2335"]
[BlackElo "2056"]
[Annotator "ChessBase"]
[PlyCount "107"]
[EventDate "2019.04.16"]
[EventType "team-tourn"]
[EventCountry "GRE"]
[SourceTitle "playchess.com"]
[Source "ChessBase"]
[SourceQuality "1"]
[WhiteTeam "Argentina"]
[BlackTeam "Germany"]
[WhiteTeamCountry "ARG"]
[BlackTeamCountry "GER"]
[TimeControl "40/5400+30:1800+30"]

1. e4 c5 2. Nc3 Nc6 3. Nf3 g6 4. d4 cxd4 5. Nxd4 Bg7 6. Nb3 d6 7. f4 Nf6 8. Bd3 O-O 9. O-O a5 10. a4 Nb4 11. h3 Qb6+ 12. Kh2 Be6 13. Ra3 Rac8 14. Rf3 Nxd3 15. cxd3 Rfe8 16. f5 Bd7 17. Be3 Qc7 18. Kh1 e6 19. fxg6 fxg6 20. Nd4 Re7 21. Qg1 Qb8 22. Ndb5 Bxb5 23. axb5 Nd7 24. Bg5 Ree8 25. d4 Rc4 26. Be3 b6 27. Ra1 Rf8 28. Raf1 Rxf3 29. Rxf3 Qe8 30. Qf1 Rb4 31. Qf2 Rc4 32. Qd2 Qe7 33. Bg5 Qe8 34. Rd3 Qf7 35. Kg1 Qf8 36. e5 d5 37. Rf3 Qb4 38. Qf4 Qf8 39. Bf6 Qe8 40. h4 h6 41. Qd2 Bf8 42. Ne2 Bg7 43. Qd3 Rc7 44. Bxg7 Kxg7 45. Nf4 Nf8 46. Rg3 Qf7 47. Nxg6 Rc1+ 48. Kh2 Nxg6 49. h5 Qf4 50. Qxg6+ Kf8 51. Qxe6 Rh1+ 52. Kxh1 Qxg3 53. Qxh6+ Ke7 54. Qd6+ 1-0

[Event "World Senior chT-50 2019"]
[Site "Rhodes"]
[Date "2019.04.23"]
[Round "8.32"]
[White "Perez Wertheim, Rodolfo"]
[Black "Jeske, Kirsten"]
[Result "1/2-1/2"]
[ECO "A80"]
[WhiteElo "1914"]
[BlackElo "1951"]
[Annotator "NA RC"]
[PlyCount "37"]
[EventDate "2019.04.16"]
[EventType "team-tourn"]
[EventCountry "GRE"]
[SourceTitle "playchess.com"]
[Source "ChessBase"]
[SourceQuality "1"]
[WhiteTeam "Argentina"]
[BlackTeam "Germany"]
[WhiteTeamCountry "ARG"]
[BlackTeamCountry "GER"]
[TimeControl "40/5400+30:1800+30"]

1. d4 e6 2. Nf3 d5 3. Bf4 f5 4. g4 Nf6 5. gxf5 exf5 6. e3 Bd6 7. Ne5 Qe7 8. Bg2 c6 9. Nd2 Ng4 10. Ndf3 Nd7 11. Bg5 Ngf6 12. Nd3 O-O 13. O-O Qe8 14. Bf4 Bxf4 15. Nxf4 Ne4 $11 16. h4 Ndf6 17. Ne5 Nd7 18. Nf3 Ndf6 19. Ne5 1/2-1/2

[Event "World Senior chT-50 2019"]
[Site "Rhodes"]
[Date "2019.04.23"]
[Round "8.36"]
[White "Johansson, Bjorn"]
[Black "Chernik, Dmitry"]
[Result "0-1"]
[ECO "A25"]
[WhiteElo "1888"]
[BlackElo "1868"]
[Annotator "NA"]
[PlyCount "68"]
[EventDate "2019.04.16"]
[EventType "team-tourn"]
[EventCountry "GRE"]
[SourceTitle "playchess.com"]
[Source "ChessBase"]
[SourceQuality "1"]
[WhiteTeam "Sweden"]
[BlackTeam "Canada"]
[WhiteTeamCountry "SWE"]
[BlackTeamCountry "CAN"]
[TimeControl "40/5400+30:1800+30"]

1. c4 e5 2. g3 Nc6 3. Bg2 f5 4. Nc3 Nf6 5. d3 Bb4 6. Bd2 O-O 7. a3 Bxc3 8. Bxc3 d6 9. e3 Qe8 10. Ne2 Kh8 11. Qd2 Be6 12. O-O Qh5 13. f4 Rae8 14. b3 Bd7 15. Rae1 Ne7 16. fxe5 dxe5 17. Bxe5 Ng4 18. Bxg7+ Kxg7 19. h3 Nf6 20. Nf4 Qg5 21. Kh2 c6 22. d4 Ne4 23. Bxe4 fxe4 24. d5 cxd5 25. cxd5 Ng6 26. Qd4+ Qe5 27. Nh5+ Kh6 28. Nf4 Nxf4 29. Qxe5 Rxe5 30. exf4 Rxd5 31. Rxe4 Rd2+ 32. Kg1 Bxh3 33. Rf2 Rxf2 34. Kxf2 Bd7 0-1

[Event "World Senior chT-50 2019"]
[Site "Rhodes"]
[Date "2019.04.23"]
[Round "8.37"]
[White "Yrjola, Jouni"]
[Black "Priedite, Ingrida"]
[Result "1-0"]
[ECO "E32"]
[WhiteElo "2327"]
[BlackElo "2044"]
[Annotator "NA RC"]
[PlyCount "91"]
[EventDate "2019.04.16"]
[EventType "team-tourn"]
[EventCountry "GRE"]
[SourceTitle "playchess.com"]
[Source "ChessBase"]
[SourceQuality "1"]
[WhiteTeam "Finland"]
[BlackTeam "Latvia"]
[WhiteTeamCountry "FIN"]
[BlackTeamCountry "LAT"]
[TimeControl "40/5400+30:1800+30"]

1. d4 Nf6 2. c4 e6 3. Nc3 Bb4 4. Qc2 O-O 5. a3 Bxc3+ 6. Qxc3 b6 7. Bg5 Bb7 8. f3 h6 9. Bh4 d5 10. e3 Nbd7 11. Nh3 Rc8 {[%emt 0:05:08] E32: Nimzo-Indian: Classical (4 Qc2): 4...0-0} (11... c5 12. cxd5 cxd4 13. Qxd4 e5 14. Qd1 Bxd5 15. Nf2 Be6 16. Bd3 Nc5 17. Bc2 Qxd1+ 18. Rxd1 Nd5 19. Ke2 Rac8 {0-1 (40) Laznicka,V (2634)-Grischuk,A (2733) Ohrid 2009}) 12. c5 bxc5 13. dxc5 Ne4 14. Bxd8 Nxc3 15. Bh4 Na4 16. b4 c6 17. Kd2 $146 ({Predecessor:} 17. Bg3 a5 18. Bd6 Rfe8 19. Rb1 axb4 20. axb4 Nc3 21. Rc1 Na2 22. Rc2 Ra8 23. b5 Ra3 24. Kd2 {½-½ (24) Sivenkov,O (2469)-Dibley,S (2459) ICCF email 2008}) 17... a5 18. Be7 Rfe8 19. Bd6 Ra8 20. Kc2 Ba6 21. Kb3 Bb5 22. Bxb5 cxb5 23. Nf4 Nb8 24. Ne2 axb4 25. axb4 Nc6 26. Nd4 Nxd4+ 27. exd4 Rec8 28. g4 Rc6 29. f4 Rca6 30. Rab1 f6 (30... Rc6 $142 31. Rbc1 Kh7) 31. h4 Rc6 32. Ra1 Rca6 33. Rab1 Rc6 34. f5 exf5 35. gxf5 Nb6 36. Ra1 Na4 37. Rhe1 Rca6 38. Rab1 R6a7 39. Re6 Kh7 40. h5 Ra6 41. Re7 Nb6 42. cxb6 Ra3+ (42... Rxb6 $142 43. Bc7 Rb7) 43. Kc2 Rf3 44. Re2 Ra2+ 45. Rb2 Raa3 46. b7 $18 1-0